 Dungeon Crawl Stone Soup version 0.25.1-9-gc5326a611f (webtiles) character file.

Game seed: 12606032105966023915

67 KamiKatze the Shield-Bearer (level 4, -1/37 HPs)
             Began as a Formicid Fighter on Dec 29, 2020.
             Slain by an orc
             ... wielding a +0 flail
              (3 damage)
             ... on level 2 of the Dungeon.
             The game lasted 00:03:20 (811 turns).

KamiKatze the Shield-Bearer (Formicid Fighter)       Turns: 811, Time: 00:03:22

Health: -1/37      AC:  6    Str: 21    XL:     4   Next: 38%
Magic:  3/4        EV:  8    Int:  8    God:
Gold:   67         SH:  9    Dex: 10    Spells: 3/3 levels left

rFire    . . .     SeeInvis +   a - +0 war axe
rCold    . . .     Gourm    .   c - +0 kite shield
rNeg     . . .     Faith    .   b - +0 scale mail
rPois    .         Spirit   .   (helmet unavailable)
rElec    .         Reflect  .   (no cloak)
rCorr    .         Harm     .   (no gloves)
MR       .....                  (no boots)
Stlth    ..........             (no amulet)
HPRegen  0.12/turn              (no ring)
MPRegen  0.09/turn              (no ring)

@: no status effects
A: permanent stasis, dig shafts and tunnels, four strong arms, antennae 3
a: Dig, Shaft Self


You were on level 2 of the Dungeon.
You were not hungry.

You visited 1 branch of the dungeon, and saw 2 of its levels.

You collected 67 gold pieces.

Inventory:

Hand Weapons
 a - a +0 war axe (weapon)
Missiles
 e - 10 stones (quivered)
Armour
 b - a +0 scale mail (worn)
 c - a +0 kite shield (worn)
Scrolls
 i - 3 scrolls of identify {unknown}
 j - a scroll of fear {unknown}
 k - a scroll of fog {unknown}
 l - a scroll of blinking {unknown}
 m - a scroll of amnesia {unknown}
Potions
 d - a potion of might
 h - a potion of cancellation {unknown}
Comestibles
 f - 2 rations
 g - 4 chunks of flesh


   Skills:
 + Level 3.7 Fighting
 * Level 2.9 Axes
 + Level 3.6 Armour
 * Level 4.5 Shields


You had 3 spell levels left.
You didn't know any spells.
Your spell library was empty.

Dungeon Overview and Level Annotations

Branches:
Dungeon (2/15)

Altars:


Innate Abilities, Weirdness & Mutations

You cannot be hasted, slowed, berserked, paralysed or teleported.
You can dig through walls and to a lower floor.
Your four strong arms can wield two-handed weapons with a shield.
You have a pair of large antennae on your head. (SInv)


Message History

You block the orc wizard's attack.
Unknown command.
You slash the orc wizard!
The orc wizard is almost dead.
You hit the orc.
The orc wizard hits you with a +2 antimagic dagger.
* * * LOW HITPOINT WARNING * * *
You feel your power leaking away. You block the orc's attack.
The orc wizard gestures at you while chanting.
The puff of frost hits you!
* * * LOW HITPOINT WARNING * * *
You closely miss the orc wizard.
The orc wizard is almost dead.
You hit the orc but do no damage.
The orc wizard hits you with a +2 antimagic dagger.
* * * LOW HITPOINT WARNING * * *
You block the orc's attack. You block the orc wizard's attack.
The orc hits you with a +0 flail.
You die...

..........###.##.##.#
....##....# #.##.#
....##....# #..#.#
....##....# ##.#.#
######....# #.#.#
######....# #...#
.......#.## ##..# #
.......#.# #.o##.##
.........# #.@oo..#
.......### #####..#
.......# o.# .......#
# .......# .......#
{{ .......# ########
#


You could see an orc wizard (fast, invisible) and 2 orcs.

Vanquished Creatures
  An orc wizard (D:2)
  An ooze (D:1)
  A worm (D:2)
  3 dart slugs (D:1)
  An orc (D:2)
  A bat (D:1)
  4 goblins (D:1)
  3 hobgoblins
  3 jackals (D:1)
  6 kobolds
  2 frilled lizards
26 creatures vanquished.

Notes
Turn   | Place    | Note
-------+----------+-------------------------------------------
     0 | D:1      | KamiKatze the Formicid Fighter began the quest for the Orb.
     0 | D:1      | Reached XP level 1. HP: 18/18 MP: 1/1
    65 | D:1      | Reached XP level 2. HP: 16/24 MP: 2/2
   143 | D:1      | Reached skill level 4 in Shields
   168 | D:1      | Reached XP level 3. HP: 24/29 MP: 3/3
   807 | D:2      | Reached XP level 4. HP: 27/37 MP: 4/4
   811 | D:2      | Slain by an orc

Illustrated notes

Levels and vault maps discovered:
D:1:      onia_arrival_mini_maze, layout_rooms
D:2:      layout_basic, nicolae_overflow_crystal_walls, uniq_robin, uniq_sigmund

Skill      XL: |  1  2 |
---------------+-------+-----
Shields        | 4 |  4.5
Fighting       | |  3.7
Axes           | |  2.9
Armour         | |  3.6

Action                   |  1- 3 |  4- 6 || total
-------------------------+-------+-------++-------
Melee: War axe           |    75 |     4 ||    79
Armor: Scale mail        |    40 |       ||    40
Dodge: Dodged            |    28 |       ||    28
Block: Kite shield       |    28 |     6 ||    34
